 Dungeon Crawl Stone Soup version 0.25.1-2-g60ff931df9 (webtiles) character file.

Game seed: 9798347973076375862

3605 hawla the Carver (level 9, -6/79 HPs)
             Began as a Minotaur Gladiator on Nov 3, 2020.
             Was an Initiate of Gozag.
             Mangled by a komodo dragon (26 damage)
             ... on level 8 of the Dungeon on Nov 4, 2020.
             The game lasted 00:19:11 (8171 turns).

hawla the Carver (Minotaur Gladiator)               Turns: 8171, Time: 00:19:13

Health: -6/79      AC:  4    Str: 23    XL:     9   Next: 86%
Magic:  8/8        EV: 15    Int:  5    God:    Gozag
Gold:   4158       SH:  0    Dex: 11    Spells: 8/8 levels left

rFire    . . .     SeeInvis .   v - +0 great sword
rCold    . . .     Gourm    .   (shield currently unavailable)
rNeg     . . .     Faith    .   b - +0 leather armour
rPois    .         Spirit   .   c - +1 hat
rElec    .         Reflect  .   (no cloak)
rCorr    .         Harm     .   (no gloves)
MR       .....                  (no boots)
Stlth    ++........             (no amulet)
HPRegen  0.23/turn              (no ring)
MPRegen  0.11/turn              (no ring)

@: very slightly contaminated, invisible
A: retaliatory headbutt, horns 2, sense surroundings 1
a: Potion Petition, Call Merchant, Bribe Branch, Renounce Religion


You were on level 8 of the Dungeon.
You worshipped Gozag.
Gozag was most pleased with you.
You were not hungry.

You visited 2 branches of the dungeon, and saw 9 of its levels.
You also visited: Sewer.

You collected 4248 gold pieces.
You paid 90 gold pieces to Gozag.

Inventory:

Hand Weapons
 o - a +0 rapier of freezing
 v - a +0 great sword (weapon)
 w - the +8 hunting sling "Usiamyir" {venom, Dex+3}
   (You found it on level 4 of the Dungeon)

   It poisons the ammo it fires.
   It affects your dexterity (+3).
Missiles
 d - 3 throwing nets
 i - 25 poisoned darts (quivered)
 x - 15 sling bullets
Armour
 b - a +0 leather armour (worn)
 c - a +1 hat (worn)
Jewellery
 a - an uncursed ring of magical power {unknown}
Wands
 j - a wand of random effects (15)
 k - a wand of paralysis (11)
 A - a wand of clouds (6)
Scrolls
 h - 5 scrolls of teleportation
 t - 3 scrolls of remove curse
Potions
 e - 4 potions of curing
 g - 3 potions of heal wounds
 m - 5 potions of flight {unknown}
 n - 6 potions of brilliance {unknown}
 p - a potion of ambrosia
 s - 3 potions of might {unknown}
 B - a potion of magic {unknown}
Comestibles
 f - 10 rations


   Skills:
 + Level 7.1 Fighting
 + Level 2.5(6.3) Short Blades
 + Level 10.0(10.2) Long Blades
 + Level 4.7(5.1) Slings
 + Level 2.5(3.8) Throwing
 + Level 5.1 Armour
 * Level 8.0 Dodging
 + Level 2.4 Stealth
 + Level 1.2 Evocations


You had 8 spell levels left.
You didn't know any spells.
Your spell library was empty.

Dungeon Overview and Level Annotations

Branches:
Dungeon (8/15)             Temple (1/1) D:6            Lair (0/6) D:8
  Sewer (visited)

Altars:
Ashenzari
Cheibriados
Dithmenos
Elyvilon
Fedhas
Gozag
Hepliaklqana
Kikubaaqudgha
Makhleb
Nemelex Xobeh
Okawaru
Qazlal
Ru
Sif Muna
Trog
Uskayaw
Vehumet
Wu Jian
Xom
Yredelemnul
Zin

Annotations:
D:8 Gastronok


Innate Abilities, Weirdness & Mutations

You reflexively headbutt those who attack you in melee.
You have a pair of horns on your head.
You passively map a small area around you.


Message History

Your leather armour prevents you from hitting the komodo dragon.
The komodo dragon is moderately wounded.
You feel much better. The komodo dragon barely misses you.
You fade into invisibility!
The komodo dragon bites you!!
* * * LOW HITPOINT WARNING * * *
Gastronok chants a spell, wobbling all the while.
Gastronok puts on a burst of speed!
You are very lightly contaminated with residual magic.
There are no items here.
Throwing (i - inventory. (/) - cycle)
i - 26 poisoned darts (quivered)
Press: ? - help, Shift-Dir - straight line, f/p - Gastronok
Aim: Gastronok, wearing a +0 hat of magic resistance (severely wounded, covering ground quickly, very poisoned)
You throw a poisoned dart.
The poisoned dart hits the komodo dragon!
The komodo dragon is poisoned.
The komodo dragon is moderately wounded.
The komodo dragon bites you!!
You die...
Your body crumbles into a pile of gold.

*,,,,,,,,,,,,****≈≈≈****,,*
*,****,,,,,*,,,**≈≈≈*,,,,**
*,*****,,,********,**>***********
,,,$,***,,,* *,**,,,,,,,,,,,,
,,**,* ***,** *,*,,,,,,,,,,,*,
,***,****,,,******,***********,*,
,***,,,,,,,,,,,,,,,**,,,,,****,*,
,,*******,,,*#######,,,,,,,*,,,,,
,,,,,,,***,**#..@lw#,.,,,,,*,***,
***,,,,***,* #.####.PP..>.,*,* *,
,****,,,,,,* #.# **..PP..P,*,***,
*,*,*,,***** #.###..(.PP.P,*,,,,,
,*,***,* #.......(.PPP,*,,,**
*,*,*,,* #..###...(PPP,*****
,*,*,*,* #..# *#...PPP,* *,*,**,*
#..# *...(.P,* ,*,**,,*
#..####*,,,,,**


You could see Gastronok (swift, very poisoned) and a komodo dragon (very
poisoned).

Vanquished Creatures
  A two-headed ogre (D:6)
  Pikel (D:7)
  Sigmund (D:4)
  A water moccasin (D:5)
  2 orc warriors (D:6)
  A sky beast (D:3)
  A phantom (D:6)
  3 ogres
  2 big kobolds (Sewer)
  2 bullfrogs
  A scorpion (D:7)
  2 crimson imps
  A bullfrog zombie (D:6)
  5 hounds
  3 jellies (D:6)
  A quasit (D:5)
  4 orc priests
  2 bullfrog skeletons
  A centaur skeleton (D:6)
  3 orc wizards
  A gnoll shaman (D:5)
  Ijyb (D:3)
  Natasha (thrice) (D:4)
  6 worker ants
  12 adders
  6 gnolls
  4 river rats
  A shadow imp (D:5)
  4 oozes
  A worm (D:2)
  5 dart slugs
  5 leopard geckos
  16 orcs
  7 ball pythons
  7 bats
  3 giant cockroaches
  10 goblins
  8 hobgoblins
  12 jackals
  2 quokkas
  4 frilled lizards
  9 kobolds
  A leopard gecko skeleton (D:7)
  A leopard gecko zombie (D:7)
  A quokka zombie (D:7)
  11 rats
179 creatures vanquished.

Vanquished Creatures (others)
  A slave (D:7)
  A hound (D:7)
  A plant (D:8)
3 creatures vanquished.

Grand Total: 182 creatures vanquished

Notes
Turn   | Place    | Note
-------+----------+-------------------------------------------
     0 | D:1      | hawla the Minotaur Gladiator began the quest for the Orb.
     0 | D:1      | Reached XP level 1. HP: 18/18 MP: 0/0
    44 | D:1      | Reached XP level 2. HP: 6/25 MP: 1/1
   483 | D:1      | Reached XP level 3. HP: 26/30 MP: 2/2
   862 | D:2      | Reached skill level 4 in Long Blades
   935 | D:2      | Found an ornate altar of the Wu Jian Council.
   937 | D:2      | Reached skill level 1 in Armour
  1386 | D:2      | Reached XP level 4. HP: 38/38 MP: 3/3
  1762 | D:2      | Found a blossoming altar of Fedhas.
  1764 | D:2      | Found a shimmering blue altar of Sif Muna.
  1944 | D:3      | Found a sparkling altar of Nemelex Xobeh.
  2079 | D:3      | Noticed Ijyb
  2082 | D:3      | Killed Ijyb
  2082 | D:3      | Reached XP level 5. HP: 38/45 MP: 4/4
  2215 | D:3      | Noticed a sky beast
  2224 | D:3      | Killed a sky beast
  2224 | D:3      | Reached skill level 5 in Long Blades
  2505 | D:3      | Found a white marble altar of Elyvilon.
  2671 | D:3      | Reached XP level 6. HP: 51/51 MP: 5/5
  2787 | D:3      | Found a basalt altar of Yredelemnul.
  2981 | D:4      | Found Amirall's Gadget Shoppe.
  2996 | D:4      | Reached skill level 5 in Dodging
  3026 | D:4      | Noticed Sigmund
  3032 | D:4      | Killed Sigmund
  3032 | D:4      | Reached skill level 6 in Long Blades
  3032 | D:4      | Reached XP level 7. HP: 58/58 MP: 6/6
  3041 | D:4      | Noticed Natasha
  3045 | D:4      | Killed Natasha
  3119 | D:4      | Found a glowing drain.
  3130 | Sewer    | Entered a sewer
  3326 | Sewer    | Reached skill level 7 in Long Blades
  3326 | Sewer    | Reached skill level 1 in Stealth
  3894 | D:4      | Noticed Natasha
  3899 | D:4      | Killed Natasha
  3946 | D:4      | Noticed Natasha
  3959 | D:4      | Killed Natasha
  4092 | D:4      | Reached XP level 8. HP: 29/67 MP: 7/7
  4161 | D:4      | Reached skill level 5 in Fighting
  4166 | D:4      | Found a sacrificial altar of Ru.
  4394 | D:4      | Reached skill level 8 in Long Blades
  4627 | D:4      | Found a burning altar of Makhleb.
  4627 | D:4      | Found a shimmering altar of Xom.
  4898 | D:4      | Got a transparent hunting sling
  4899 | D:4      | Identified the +8 hunting sling "Usiamyir" {venom, Dex+3}
                  | (You found it on level 4 of the Dungeon)
  4969 | D:5      | Entered Level 5 of the Dungeon
  5274 | D:5      | Reached skill level 1 in Slings
  5287 | D:5      | Reached skill level 1 in Evocations
  5356 | D:5      | Found a shattered altar of Ashenzari.
  5357 | D:5      | Found a hazy altar of Hepliaklqana.
  5958 | D:6      | Gained mutation: You occasionally shout uncontrollably at
                  | your foes. [potion of mutation]
  5958 | D:6      | Gained mutation: Your system is resistant to poisons.
                  | (rPois) [potion of mutation]
  5959 | D:6      | Lost mutation: Your system is resistant to poisons. (rPois)
                  | [potion of mutation]
  5959 | D:6      | Lost mutation: You occasionally shout uncontrollably at
                  | your foes. [potion of mutation]
  5959 | D:6      | Gained mutation: You have a somewhat thin skeletal
                  | structure. (Dex +2, Stealth) [potion of mutation]
  5959 | D:6      | Lost mutation: You have a somewhat thin skeletal structure.
                  | (Dex +2, Stealth) [potion of mutation]
  5959 | D:6      | Gained mutation: You passively map a small area around you.
                  | [potion of mutation]
  6533 | D:6      | Reached skill level 9 in Long Blades
  6565 | D:6      | Found a staircase to the Ecumenical Temple.
  6589 | Temple   | Entered the Ecumenical Temple
  6791 | Temple   | Became a worshipper of Gozag Ym Sagoz the Greedy
  6894 | D:6      | Noticed a two-headed ogre
  6904 | D:6      | Killed a two-headed ogre
  6904 | D:6      | Reached skill level 1 in Short Blades
  6904 | D:6      | Reached XP level 9. HP: 45/78 MP: 8/8
  7646 | D:7      | Noticed Pikel
  7660 | D:7      | Killed Pikel
  7660 | D:7      | Reached skill level 10 in Long Blades
  7660 | D:7      | Reached skill level 5 in Armour
  8127 | D:8      | Identified a scroll of acquirement
  8127 | D:8      | Acquired 3720 gold pieces
  8147 | D:8      | Found a staircase to the Lair.
  8148 | D:8      | Noticed Gastronok
  8148 | D:8      | Noticed a komodo dragon
  8171 | D:8      | Mangled by a komodo dragon

Illustrated notes

Levels and vault maps discovered:
D:1:      mrwooster_arrival_statue_2, layout_basic
D:2:      layout_loops_corners, old_standard_altar,
          nicolae_overflow_hidden_temple, first_ration
D:3:      layout_basic, kennysheep_ying_yang, lemuel_doored_altar, uniq_ijyb
D:4:      layout_loops_corners, grunt_temple_overflow_champion_of_chaos,
          old_standard_altar, serial_shops, nicolae_shop_trees,
          portal_sewer_entry_b, kennysheep_doodads, uniq_sigmund, uniq_natasha
D:5:      layout_basic, grunt_temple_overflow_open
D:6:      layout_loops_ring, minmay_temple_entry_poolview
D:7:      layout_cave_pools, serial_column_ruins, column_ruins_grid_4,
          column_ruins_corridor_straight, column_ruins_open_tiny, uniq_pikel
D:8:      layout_loops_ring, david_lair_shrubbed, david_nohive_1,
          serial_bayou_crossing, uniq_maurice, uniq_gastronok
Temple:   jpeg_temple_alley_garden

Skill      XL: |  1  2  3  4  5  6  7  8  9 |
---------------+----------------------------+-----
Dodging        | 4 5 6 7 8 |  8.0
Fighting       | 3 4 6 7 |  7.1
Long Blades    | 4 5 6 7 9 10 | 10.0
Armour         | 1 2 3 4 5 |  5.1
Stealth        | 1 2 |  2.4
Slings         | 3 4 |  4.7
Evocations     | 1 |  1.2
Short Blades   | 1 2 |  2.5
Throwing       | |  2.5

Action                   |  1- 3 |  4- 6 |  7- 9 || total
-------------------------+-------+-------+-------++-------
Melee: Long sword        |    72 |    63 |   146 ||   281
       Headbutt          |    10 |    15 |    38 ||    63
       Scimitar          |       |       |    20 ||    20
       Rapier            |       |       |    36 ||    36
       Great sword       |       |       |     2 ||     2
 Fire: Hunting sling     |       |       |    66 ||    66
Throw: Dart              |       |       |    13 ||    13
Evoke: Wand              |       |       |     4 ||     4
  Use: Scroll            |     3 |     3 |    13 ||    19
       Potion            |       |       |     6 ||     6
 Stab: Distracted        |       |       |     1 ||     1
       Sleeping          |       |       |     1 ||     1
  Eat: Chunk             |     2 |     5 |    12 ||    19
       Ration            |       |       |     2 ||     2
Armor: Leather armour    |    22 |    13 |    29 ||    64
Dodge: Dodged            |    38 |    48 |   163 ||   249
       Rpst.: Long sword |     8 |    12 |    22 ||    42
       Scimitar          |       |       |     5 ||     5
       Great sword       |       |       |     2 ||     2
